 Dungeon Crawl Stone Soup version 0.18-a0-1041-gbe91bf5 (webtiles) character file.

8180 dvd the Covert (level 11, -5/49 HPs)
             Began as a Spriggan Enchanter on Jan 11, 2016.
             Was a Priest of Sif Muna.
             Slain by a blink frog (13 damage)
             ... on level 2 of the Lair of Beasts.
             The game lasted 00:47:19 (12043 turns).

dvd the Covert (Spriggan Enchanter)                Turns: 12043, Time: 00:47:19

Health: -5/49      AC:  5    Str:  4    XL:     11   Next: 6%
Magic:  18/27      EV: 20    Int: 21    God:    Sif Muna [***...]
Gold:   555        SH:  0    Dex: 16    Spells: 3 memorised, 24 levels left

rFire  . . .     SeeInvis +     N - +2 short sword (venom)
rCold  . . .     Gourm    .     b - +1 robe
rNeg   . . .     Faith    .     (shield restricted)
rPois  .         Spirit   .     (helmet restricted)
rElec  .         Dismiss  .     G - +1 cloak
rCorr  .         Reflect  .     (gloves unavailable)
SustAt .         Harm     .     (boots unavailable)
MR     +....                    (no amulet)
Stlth  ++++++....               (no ring)
                                (no ring)

@: very quick, somewhat resistant to hostile enchantments, very stealthy
A: unfitting armour, see invisible, herbivore 3, speed 3, slow metabolism 2
a: Channel Energy, Forget Spell, Renounce Religion


You were on level 2 of the Lair of Beasts.
You worshipped Sif Muna.
Sif Muna was most pleased with you.
You were not hungry.

You visited 3 branches of the dungeon, and saw 12 of its levels.

You collected 555 gold pieces.

Inventory:

Hand Weapons
 a - a +1 dagger
 v - the +6 mace "Nomacix" {crush, rN+}
   (You found it on level 4 of the Dungeon)

   It inflicts extra damage upon your enemies.
   It protects you from negative energy.
 A - a +0 rapier
 B - a +0 short sword of freezing
 J - a +0 hunting sling
 N - a +2 short sword of venom (weapon)
 Q - a +0 dagger of holy wrath
 R - a +0 dagger of chaos
 S - a +3 scimitar
Missiles
 K - 12 sling bullets of frost
Armour
 b - a +1 robe (worn)
 e - the -5 cloak of Gehenna {rC+ MR+ Str-4 Dex+8}
   (You acquired it on level 9 of the Dungeon)

   It affects your strength (-4).
   It affects your dexterity (+8).
   It protects you from cold.
   It affects your resistance to hostile enchantments.
 G - a +1 cloak (worn)
Jewellery
 D - an uncursed amulet of harm
Wands
 s - a wand of teleportation (5/9)
 y - a wand of flame (23/48)
 z - a wand of enslavement (15/24)
 E - a wand of frost (34/48)
 F - a wand of frost (21/48)
 O - a wand of random effects (29/48)
Scrolls
 f - 8 scrolls of identify
 i - a scroll of magic mapping
 j - 2 scrolls of teleportation
 k - a scroll of blinking
 n - a scroll of fear
 q - 3 scrolls of recharging
 r - 5 scrolls of fog
 u - 3 scrolls of amnesia
 M - 2 scrolls of remove curse
Potions
 g - a potion of agility
 h - a potion of cancellation {unknown}
 t - 2 potions of curing
 C - a potion of heal wounds
Books
 c - a book of Maledictions

   Spells                             Type                      Level
   a - Corona                         Hexes                        1
   b - Ensorcelled Hibernation        Hexes/Ice                    2
   c - Confuse                        Hexes                        3
   d - Tukima's Dance                 Hexes                        3
   e - Dazzling Spray                 Conjuration/Hexes            3
Comestibles
 d - 5 bread rations
 H - 5 fruits


   Skills:
 + Level 1.3 Fighting
 + Level 2.5 Short Blades
 + Level 1.7 Slings
 + Level 5.3 Dodging
 + Level 12.4 Stealth
 * Level 11.2 Spellcasting
 * Level 11.3 Hexes
 * Level 5.4 Ice Magic
 + Level 0.3 Evocations


You had 24 spell levels left.
You knew the following spells:

 Your Spells              Type           Power        Failure   Level  Hunger
b - Ensorcelled Hibernat  Hex/Ice        #####.       1%          2    None
c - Confuse               Hex            ######..     1%          3    None
d - Tukima's Dance        Hex            ######..     1%          3    None


Dungeon Overview and Level Annotations

Branches:
Dungeon (9/15)             Temple (1/1) D:5            Lair (2/8) D:9
    Orc (0/2) D:9

Altars:
Ashenzari
Cheibriados
Dithmenos
Elyvilon
Fedhas
Gozag
Kikubaaqudgha
Makhleb
Nemelex Xobeh
Okawaru
Pakellas
Qazlal
Ru
Sif Muna
Trog
Vehumet
Xom
Yredelemnul
Zin
The Shining One

Shops:
D:4 }


Innate Abilities, Weirdness & Mutations

You are tiny and cannot use many weapons and most armour.
You have supernaturally acute eyesight.
You are a herbivore.
You cover ground extremely quickly.
You need consume almost no food.


Message History

Casting: Ensorcelled Hibernation
Confirm with . or Enter, or press ? or * to list all spells.
Aiming: Ensorcelled Hibernation
Press: ? - help, Shift-Dir - straight line, f - blink frog
Aim: a blink frog (chance to defeat MR: 53%)
The blink frog resists with some effort.
The blink frog hits you!
Casting: Ensorcelled Hibernation
Confirm with . or Enter, or press ? or * to list all spells.
Aiming: Ensorcelled Hibernation
Press: ? - help, Shift-Dir - straight line, f/p - blink frog
Aim: a blink frog (chance to defeat MR: 53%)
The blink frog looks drowsy...
The blink frog hits you!!
* * * LOW HITPOINT WARNING * * *
The blink frog blinks!
The helpless blink frog fails to defend itself.
You spit the blink frog like a pig!!!
You kill the blink frog!
The blink frog hits you!
You die...

.####.##
......# P.....
..# ....##..#
...##..## ...
..##.(.#
..P.###†##..#
.>.....@§...##
..F....F.....#
(..F........##
............#
............##
.............#
..#.#.#P.#...#
.............#
.#......#.#.##


You could see 3 blink frogs.

Vanquished Creatures
  A hydra (Lair:1)
  An unseen horror (D:8)
  Joseph (D:8)
  Psyche (D:8)
  A spiny frog (Lair:2)
  A fire drake (D:9)
  Prince Ribbit (D:5)
  Grinder (D:5)
  2 blink frogs (Lair:2)
  Sigmund (D:3)
  Eustachio (D:5)
  6 yaks (Lair:1)
  2 hippogriffs
  2 porcupines (Lair:1)
  2 water moccasins (Lair:1)
  Duvessa (D:4)
  3 ice beasts
  A sky beast (D:5)
  2 ogres
  3 phantoms
  2 centaurs
  5 giant frogs
  Dowan (D:4)
  A scorpion (D:5)
  3 wights (D:9)
  2 crimson imps
  A giant frog zombie (D:5)
  A human zombie (D:2)
  A centaur zombie (D:9)
  2 jellies (D:5)
  6 orc wizards
  2 orc priests
  A centaur skeleton (D:7)
  A giant frog skeleton (D:5)
  A gnoll shaman (D:9)
  4 iguanas
  6 worker ants
  A hound skeleton (D:4)
  2 gnolls
  12 adders
  A river rat (Lair:2)
  A shadow imp (D:7)
  2 oozes
  5 adder skeletons
  4 worms
  5 giant geckos
  20 orcs
  5 giant cockroaches
  5 goblins
  3 hobgoblins
  4 jackals (D:2)
  3 quokkas
  2 ball pythons
  5 bats (D:2)
  A giant cockroach zombie (D:5)
  A giant gecko skeleton (D:4)
  8 giant newts
  3 jackal skeletons
  11 kobolds
  2 quokka skeletons
  6 rats
186 creatures vanquished.

Vanquished Creatures (collateral kills)
  5 orc warriors
  An ogre (D:8)
  2 gnoll sergeants
  4 wights (D:9)
  A crimson imp (D:9)
  A hound (D:8)
  2 orc priests
  2 orc wizards (D:9)
  Jessica (D:3)
  14 gnolls
  14 orcs
47 creatures vanquished.

Vanquished Creatures (others)
  A dancing weapon (D:4)
1 creature vanquished.

Grand Total: 234 creatures vanquished

Notes
Turn   | Place    | Note
--------------------------------------------------------------
     0 | D:1      | dvd the Spriggan Enchanter began the quest for the Orb.
     0 | D:1      | Reached XP level 1. HP: 9/9 MP: 5/5
   324 | D:1      | Reached XP level 2. HP: 13/13 MP: 6/6
   329 | D:1      | Learned a level 2 spell: Ensorcelled Hibernation
   742 | D:1      | Reached skill level 5 in Stealth
   946 | D:2      | Reached XP level 3. HP: 16/16 MP: 1/8
  1165 | D:2      | Learned a level 3 spell: Confuse
  1492 | D:2      | Found a runed door.
  1492 | D:2      | Noticed a human
  1933 | D:2      | Reached XP level 4. HP: 21/21 MP: 6/9
  1963 | D:2      | Learned a level 3 spell: Tukima's Dance
  1972 | D:2      | Found a snail-covered altar of Cheibriados.
  2244 | D:2      | Reached skill level 6 in Stealth
  2314 | D:2      | Found a basalt altar of Yredelemnul.
  2642 | D:3      | Noticed Jessica
  2647 | D:3      | Reached skill level 1 in Ice Magic
  2655 | D:3      | Killed Jessica
  2655 | D:3      | Reached XP level 5. HP: 24/24 MP: 0/11
  3054 | D:3      | Noticed Sigmund
  3182 | D:3      | Found an oddly glowing altar of Pakellas.
  3263 | D:3      | Reached skill level 5 in Hexes
  3482 | D:4      | Found a sparkling altar of Nemelex Xobeh.
  3689 | D:4      | Got an ichor-stained mace
  3690 | D:4      | Identified the +6 mace "Nomacix" {crush, rN+} (You found it on level 4 of the Dungeon)
  3770 | D:4      | Found Faixuosu's Gadget Shop.
  3771 | D:4      | Noticed Duvessa
  3771 | D:4      | Noticed Dowan
  4145 | D:4      | Killed Dowan
  4145 | D:4      | Reached XP level 6. HP: 26/28 MP: 3/14
  4425 | D:4      | Killed Duvessa
  4711 | D:3      | Killed Sigmund
  4711 | D:3      | Reached skill level 7 in Stealth
  4711 | D:3      | Reached skill level 5 in Spellcasting
  4711 | D:3      | Reached XP level 7. HP: 30/32 MP: 8/16
  4800 | D:5      | Entered Level 5 of the Dungeon
  4853 | D:5      | Noticed Prince Ribbit
  5151 | D:5      | Found a radiant altar of Vehumet.
  5151 | D:5      | Noticed Grinder
  5180 | D:5      | Killed Grinder
  5644 | D:5      | Reached XP level 8. HP: 37/37 MP: 19/19
  5705 | D:5      | Noticed Eustachio
  5870 | D:5      | Killed Eustachio
  5983 | D:5      | Found a staircase to the Ecumenical Temple.
  5998 | D:5      | Killed Prince Ribbit
  5998 | D:5      | Reached skill level 8 in Stealth
  6086 | Temple   | Entered the Ecumenical Temple
  6210 | Temple   | Became a worshipper of Sif Muna the Loreminder
  6254 | D:5      | Found a shadowy altar of Dithmenos.
  6630 | D:6      | Found a sacrificial altar of Ru.
  6926 | D:6      | Reached skill level 9 in Stealth
  7309 | D:7      | Reached XP level 9. HP: 40/40 MP: 18/22
  7376 | D:7      | Reached * piety under Sif Muna
  7486 | D:7      | Found a burning altar of Makhleb.
  8116 | D:8      | Noticed Joseph
  8135 | D:8      | Killed Joseph
  8135 | D:8      | Reached skill level 10 in Stealth
  8335 | D:8      | Noticed an unseen horror
  8351 | D:8      | Killed an unseen horror
  8351 | D:8      | Reached ** piety under Sif Muna
  8355 | D:8      | Reached skill level 10 in Spellcasting
  8590 | D:8      | Found a shimmering altar of Xom.
  8591 | D:8      | Found a sparkling altar of Nemelex Xobeh.
  8617 | D:8      | Found a glowing golden altar of the Shining One.
  8983 | D:8      | Noticed Psyche
  8990 | D:8      | Killed Psyche
  8990 | D:8      | Reached skill level 11 in Stealth
  8990 | D:8      | Reached XP level 10. HP: 44/44 MP: 25/25
  9177 | D:9      | Found a staircase to the Orcish Mines.
  9204 | D:9      | Reached skill level 1 in Fighting
  9460 | D:9      | Found a staircase to the Lair.
  9482 | D:9      | Reached skill level 10 in Hexes
 10309 | D:9      | Identified a scroll of acquirement
 10310 | D:9      | Got a shimmering cloak
 10321 | D:9      | Identified the -5 cloak of Gehenna {rC+ MR+ Str-4 Dex+8} (You acquired it on level 9 of the Dungeon)
 10321 | D:9      | Lost strength.
 10381 | Lair:1   | Entered Level 1 of the Lair of Beasts
 10435 | Lair:1   | Reached *** piety under Sif Muna
 10852 | Lair:1   | Reached skill level 5 in Ice Magic
 11256 | Lair:1   | Noticed a five-headed hydra
 11499 | Lair:1   | Reached skill level 12 in Stealth
 11504 | Lair:1   | Reached skill level 5 in Dodging
 11604 | Lair:1   | Killed a five-headed hydra
 11604 | Lair:1   | Reached skill level 1 in Slings
 12026 | Lair:2   | Noticed a spiny frog
 12033 | Lair:2   | Killed a spiny frog
 12033 | Lair:2   | Reached XP level 11. HP: 49/49 MP: 27/27
 12043 | Lair:2   | Slain by a blink frog

Vault maps used:
D:1:      dpeg_arrival_shelter
D:2:      cheibriados_altar_1, wad_floor_pattern_untrapped,
          dk_yredelemnul_ordeal
D:3:      first_bread, grunt_pakellas_mercury, uniq_sigmund, uniq_jessica
D:4:      serial_shops, shop_statue, nemelex_diamond_rough_becter, uniq_duvessa
D:5:      lemuel_crystal_altar, old_standard_altar, minmay_temple_entry_mist,
          hangedman_glass_teeth, uniq_grinder, uniq_prince_ribbit1,
          uniq_eustachio
D:6:      kennysheep_little_box
D:7:      overflow_temple_1_default
D:8:      old_standard_altar, gammafunk_temple_overflow_statue, uniq_joseph,
          uniq_psyche
D:9:      minmay_lair_entry_lava, orc_david_3
Temple:   water_room_temple_b_12
Lair:2:   portal_ice_cave_entry_pillars_03, st_stairs_13, uniq_harold,
          uniq_gastronok

Action                   |  1- 3 |  4- 6 |  7- 9 | 10-12 || total
-------------------------+-------+-------+-------+-------++-------
Melee: Dagger            |    63 |   100 |   132 |       ||   295
       Short sword       |       |       |    33 |   111 ||   144
       Scimitar          |       |       |       |     1 ||     1
 Fire: Hunting sling     |       |       |       |    22 ||    22
 Cast: Corona            |     5 |       |     1 |       ||     6
       Ensorcelled Hiber |    30 |    45 |    58 |    38 ||   171
       Confuse           |     3 |    12 |    24 |    17 ||    56
       Tukima's Dance    |       |     7 |    19 |    19 ||    45
Evoke: Wand              |       |       |       |     3 ||     3
  Use: Scroll            |       |     1 |     1 |    15 ||    17
       Potion            |       |       |     1 |     5 ||     6
 Stab: Sleeping          |    30 |    32 |    54 |    32 ||   148
       Confused          |       |     9 |    15 |     9 ||    33
       Distracted        |       |       |     1 |       ||     1
  Eat: Fruit             |     1 |     3 |     1 |     1 ||     6
       Bread ration      |       |     1 |       |       ||     1
       Pizza             |       |       |       |     1 ||     1
